Map: Piattaforma kimerana

Players

Akyla

  • Race: Zerg Zerg
  • Spawn Location: 6:00

Bilcoyotte

  • Race: Protoss Protoss
  • Spawn Location: 5:00

marius

  • Race: Terran Terran
  • Spawn Location: 6:00

Jordi

  • Race: Terran Terran
  • Spawn Location: 7:00

dej - Winner!

  • Race: Terran Terran
  • League: Bronze
  • Spawn Location: 12:00

Jhyrachy - Winner!

  • Race: Zerg Zerg
  • League: Gold
  • Spawn Location: 1:00

frdouille - Winner!

  • Race: Terran Terran
  • Spawn Location: 11:00

bernd - Winner!

  • Race: Terran Terran
  • Spawn Location: 12:00

VOD

Have the link to the VOD?

Description

Time

  • Played on: April 18, 2016, 12:25 p.m.
  • Length: 25:31
Show
View Real Time Build Order
Export as new Build Order

Akyla Zerg 

Build Orders: Hatch First 

Get SALT Encoding   

  12  0:03  Drone  
  13  0:10  Drone  
  14  0:19  Overlord  
  14  0:39  Drone x3  
  17  0:57  Hatchery  
  17  0:59  Drone  
  17  1:05  Extractor  
  17  1:09  Extractor  
  15  1:22  Drone x2  
  17  1:47  Spawning Pool  
  16  1:57  Drone x3  
  19  2:26  Hatchery  
  19  2:27  Drone x2  
  20  2:33  Drone x3  
  20  2:36  Lair  
  23  2:39  Drone  
  23  2:43  Drone  
  25  2:51  Overlord  
  25  2:57  Drone  
  26  3:01  Drone  
  26  3:05  Drone  
  28  3:14  Extractor  
  28  3:17  Extractor, Drone  
  27  3:25  Drone x2  
  29  3:30  Drone  
  29  3:33  Drone  
  31  3:40  Drone  
  32  3:55  Spire  
  31  4:04  Drone x2  
  31  4:08  Drone x3  
  38  4:14  Queen  
  38  4:16  Overlord  
  38  4:36  Queen  
  40  4:49  Drone x2  
  40  4:50  Drone  
  43  4:59  Drone  
  44  5:03  Overlord  
  44  5:10  Zerg Flyer Weapons Level 1  
  44  5:18  Overlord x3  
  44  5:29  Overlord x4  
  44  5:30  Overlord  
  44  5:38  Hatchery  
  43  5:50  Mutalisk x5  
  53  5:57  Mutalisk x5  
  63  6:18  Mutalisk x5  
  73  6:42  Mutalisk  
  73  6:43  Mutalisk x4  
  83  6:55  Drone  
  86  7:05  Zerg Flyer Armor Level 1  
  54  8:03  Mutalisk  
  54  8:04  Mutalisk x8  
  72  8:22  Hatchery  
  71  8:58  Zerg Flyer Weapons Level 2  
  44  9:56  Mutalisk x5  
  54  10:00  Mutalisk x2  
  54  10:01  Mutalisk x4  
  66  10:20  Hatchery  
  43  11:53  Extractor  
  42  11:56  Extractor  
  42  11:57  Queen  
  42  11:59  Drone x3  
Show
View Real Time Build Order
Export as new Build Order

Bilcoyotte Protoss 

Build Orders: Oracle Opening 

Get SALT Encoding   

  12  0:02  Probe (Chrono Boost)  
  13  0:17  Pylon  
  13  0:20  Probe (Chrono Boost)  
  14  0:31  Probe (Chrono Boost)  
  15  0:37  Gateway  
  15  0:45  Probe (Chrono Boost)  
  15  0:46  Assimilator  
  16  0:56  Probe (Chrono Boost)  
  17  1:08  Pylon  
  17  1:14  Probe (Chrono Boost)  
  18  1:27  Cybernetics Core  
  18  1:28  Zealot  
  20  1:36  Forge  
  20  1:42  Probe (Chrono Boost)  
  21  1:52  Probe (Chrono Boost)  
  21  1:53  Assimilator  
  22  1:58  Zealot (Chrono Boost)  
  24  2:03  Probe  
  25  2:14  Photon Cannon  
  25  2:15  Probe  
  26  2:23  Pylon  
  26  2:27  Probe  
  27  2:37  Stargate  
  27  2:40  Probe  
  28  2:45  Pylon  
  28  2:52  Probe  
  29  3:03  Zealot (Chrono Boost)  
  31  3:23  Oracle (Chrono Boost), Nexus  
  34  3:31  Pylon  
  34  3:43  Probe  
  35  3:55  Probe  
  36  3:59  Stargate  
  36  4:06  Stargate  
  36  4:07  Probe  
  37  4:20  Assimilator  
  37  4:24  Protoss Ground Weapons Level 1  
  37  4:45  Probe  
  37  4:46  Probe  
  37  4:48  Assimilator  
  39  4:55  Oracle (Chrono Boost), Probe  
  39  4:58  Probe  
  44  5:06  Probe, Oracle (Chrono Boost)  
  47  5:10  Probe  
  49  5:16  Probe, Zealot  
  55  5:22  Probe  
  55  5:23  Oracle (Chrono Boost)  
  55  5:27  Probe  
  56  5:34  Pylon  
  57  5:36  Pylon  
  57  5:40  Void Ray (Chrono Boost)  
  61  5:46  Probe  
  61  5:47  Probe  
  63  5:55  Photon Cannon  
  57  6:43  Phoenix x2 (Chrono Boost)  
  57  6:45  Phoenix (Chrono Boost)  
  63  7:02  Pylon  
  63  7:05  Phoenix x2 (Chrono Boost)  
  69  7:08  Photon Cannon  
  69  7:09  Photon Cannon  
  69  7:10  Phoenix (Chrono Boost)  
  69  7:16  Pylon  
  69  7:27  Phoenix x2 (Chrono Boost)  
  73  7:33  Protoss Air Weapons Level 1  
  73  7:35  Phoenix (Chrono Boost)  
  75  7:48  Phoenix (Chrono Boost), Protoss Shields Level 1  
  75  7:49  Phoenix (Chrono Boost)  
  79  8:01  Fleet Beacon  
  81  8:12  Phoenix (Chrono Boost)  
  81  8:15  Phoenix (Chrono Boost)  
  83  8:29  Cybernetics Core  
  83  8:53  Phoenix x2 (Chrono Boost)  
  89  8:56  Phoenix (Chrono Boost)  
  89  8:59  Nexus  
  89  9:05  Anion Pulse-Crystals  
  89  9:11  Protoss Air Armor Level 1  
  89  9:20  Pylon x2  
  81  9:57  Photon Cannon  
  81  9:58  Photon Cannon  
  81  9:59  Photon Cannon  
  81  10:04  Void Ray x2 (Chrono Boost)  
  93  10:09  Void Ray (Chrono Boost)  
  93  10:12  Assimilator  
  93  10:18  Assimilator  
  93  10:21  Pylon  
  81  11:08  Void Ray x2 (Chrono Boost)  
  93  11:14  Void Ray (Chrono Boost)  
  93  11:26  Stalker  
  95  11:37  Gateway  
  95  11:38  Protoss Air Armor Level 2  
  95  11:45  Void Ray (Chrono Boost)  
  99  11:49  Protoss Air Weapons Level 2  
  103  11:56  Void Ray (Chrono Boost), Stalker  
  103  11:57  Phoenix (Chrono Boost)  
  107  12:26  Stalker  
  109  12:31  Void Ray x2 (Chrono Boost)  
  109  12:32  Pylon  
  109  12:34  Protoss Ground Armor Level 1, Pylon  
  109  12:37  Pylon  
  121  12:39  Void Ray (Chrono Boost)  
  121  12:47  Gateway  
  121  12:49  Gateway  
  121  12:56  Stalker  
  123  13:08  Void Ray (Chrono Boost)  
  123  13:09  Void Ray (Chrono Boost)  
  121  13:22  Void Ray (Chrono Boost)  
  121  13:26  Stalker  
  123  13:46  Void Ray x2 (Chrono Boost)  
  105  14:05  Void Ray (Chrono Boost)  
  91  14:23  Void Ray (Chrono Boost)  
  91  14:24  Carrier (Chrono Boost)  
  97  14:29  Stalker x4  
  103  14:36  Gateway  
  103  14:37  Gateway  
  101  14:39  Gateway  
  101  14:54  Carrier (Chrono Boost)  
  101  14:56  Graviton Catapult  
  101  14:59  Stalker x3  
  115  15:01  Carrier (Chrono Boost)  
  66  15:29  Stalker x3  
  70  15:41  Stalker x3  
  78  15:49  Carrier (Chrono Boost)  
  78  16:00  Stalker x2  
  78  16:03  Stalker  
  72  16:11  Stalker x3  
  72  16:15  Carrier (Chrono Boost)  
  72  16:17  Stalker  
  72  16:20  Carrier (Chrono Boost)  
  72  16:25  Pylon  
  62  16:30  Stalker  
  42  16:47  Stalker  
  50  17:15  Carrier (Chrono Boost)  
Show
View Real Time Build Order
Export as new Build Order

marius Terran 

Build Orders: MMM Bio 

Get SALT Encoding   

  12  0:05  SCV  
  13  0:17  SCV  
  14  0:23  Supply Depot  
  14  0:29  SCV  
  15  0:45  SCV  
  15  0:47  Barracks  
  16  0:55  Barracks  
  16  0:57  SCV  
  17  1:07  Refinery  
  17  1:09  SCV  
  18  1:17  Supply Depot  
  18  1:21  SCV  
  19  1:35  SCV  
  20  1:45  Barracks  
  20  1:53  Barracks Tech Lab  
  20  1:56  Marine  
  21  2:10  Refinery  
  21  2:13  Marine, SCV  
  23  2:24  Marine  
  24  2:31  Marine  
  24  2:32  Stimpack  
  25  2:43  SCV  
  26  2:49  Marine x2  
  26  2:50  Marine  
  29  3:07  Marine x2  
  31  3:15  Supply Depot  
  31  3:36  Marine x3  
  31  3:39  Supply Depot  
  34  3:54  Marine x3  
  37  4:12  Marine x3  
  37  4:13  Command Center  
  40  4:30  Marine x3  
  43  4:32  Combat Shields  
  43  4:48  Marine x2  
  43  4:51  Orbital Command  
  45  5:07  Barracks Reactor x2  
  45  5:26  Supply Depot  
  45  5:29  Factory  
  45  5:49  Supply Depot  
  45  5:58  Marauder  
  45  5:59  Marine x4  
  51  6:16  Marine x2  
  51  6:17  Marine x2  
  55  6:19  Marauder  
  54  6:32  SCV  
  54  6:34  Marine x3  
  54  6:39  Engineering Bay  
  57  6:40  Marauder  
  57  6:41  Factory Tech Lab  
  57  6:45  SCV  
  60  6:57  SCV  
  61  7:02  Marauder  
  63  7:09  SCV  
  63  7:11  Cyclone  
  67  7:17  Terran Infantry Weapons Level 1  
  67  7:21  SCV  
  68  7:23  Marauder  
  68  7:24  Starport  
  70  7:35  Planetary Fortress  
  70  7:43  Cyclone  
  73  8:09  Starport Reactor  
  73  8:13  Supply Depot  
  73  8:15  Cyclone  
  76  8:26  Marine x3  
  76  8:27  Marine  
  79  8:31  SCV  
  81  8:35  Refinery  
  81  8:36  Supply Depot  
  81  8:40  Marauder  
  83  8:44  Marine x2  
  83  8:47  Cyclone  
  88  9:01  Marine  
  89  9:07  Refinery  
  89  9:20  Siege Tank  
  92  9:24  Supply Depot  
  92  9:25  Medivac x2  
  96  9:52  Siege Tank  
  84  9:55  Medivac x2  
  88  10:17  Marine x2  
  88  10:18  Marine x3  
  93  10:24  Siege Tank, Terran Infantry Armor Level 1  
  96  10:31  Armory  
  96  10:35  Marine x3  
  97  10:36  Marine x2  
  100  10:53  Marine x4  
  100  10:54  Marine  
  90  11:11  Marine x4  
  84  11:12  Marine  
  88  11:29  Marine  
  35  11:57  Marauder  
  37  12:03  Siege Tank  
  40  12:11  Marine x3  
  40  12:12  Marine  
  44  12:18  Marauder  
  46  12:22  Supply Depot  
  46  12:29  Marine x4  
  49  12:35  Siege Tank  
  53  12:40  Marauder  
  55  12:47  Marine x4  
  59  12:53  Viking x2  
  63  13:00  Supply Depot  
  63  13:01  Marauder  
  65  13:07  Siege Tank  
  65  13:11  Terran Vehicle Weapons Level 1  
  68  13:12  Terran Infantry Weapons Level 2  
  68  13:22  Marauder  
  68  13:23  Viking x2  
  74  13:40  Siege Tank  
  74  13:48  Marine  
  74  13:49  Marine x4  
  74  13:53  Medivac, Viking  
  81  13:56  Supply Depot  
  81  14:06  Marine x3  
  81  14:07  Marine x2  
  86  14:12  Siege Tank  
  83  14:23  Medivac x2  
  79  14:24  Marine x5  
  78  14:42  Marine x5  
  83  15:00  Marine  
  83  15:04  Marine x4  
  83  15:06  Terran Vehicle And Ship Armor Level 1  
  88  15:08  Viking x2  
  92  15:22  Marine x4  
  95  15:28  Terran Infantry Armor Level 2  
  87  15:37  Viking  
  87  15:38  Viking  
  87  15:39  Marine  
  87  15:40  Marine x3  
  82  15:57  Marine  
  83  16:07  Viking  
  83  16:08  Viking  
Show
View Real Time Build Order
Export as new Build Order

Jordi Terran 

Build Orders:  

Get SALT Encoding   

  12  0:03  SCV  
  13  0:15  SCV  
  14  0:27  SCV, Supply Depot  
  15  0:39  Supply Depot  
  15  0:49  SCV, Supply Depot  
  16  1:01  SCV  
  17  1:13  SCV  
  18  1:25  SCV  
  19  1:29  Command Center  
  19  1:41  Refinery, SCV  
  19  1:45  Refinery  
  20  1:56  Engineering Bay  
  20  1:57  SCV  
  21  2:26  Command Center  
  21  2:28  SCV  
  22  2:44  Barracks  
  22  2:56  SCV  
  23  3:00  Refinery  
  23  3:07  Planetary Fortress  
  23  3:11  SCV  
  24  3:26  SCV  
  25  3:34  Missile Turret  
  25  3:38  Orbital Command  
  23  4:14  Factory  
  23  4:17  SCV  
  24  4:29  SCV  
  25  4:44  SCV  
  26  4:54  Factory  
  26  4:56  SCV  
  27  5:08  SCV  
  28  5:14  Factory Tech Lab  
  28  5:20  SCV  
  29  5:24  Armory  
  29  5:30  Orbital Command  
  29  5:32  SCV x2  
  31  5:44  SCV  
  31  5:46  SCV  
  33  5:50  Factory Tech Lab  
  33  5:56  SCV  
  34  6:03  Starport  
  34  6:08  SCV  
  34  6:13  Armory  
  26  6:30  Command Center  
  26  6:43  Missile Turret  
  26  6:52  Missile Turret  
  26  7:02  Starport Tech Lab  
  26  7:03  Missile Turret  
  26  7:11  Missile Turret  
  26  7:12  Missile Turret  
  26  7:24  Thor  
  32  7:30  Missile Turret  
  32  7:38  Thor  
  38  7:45  Orbital Command  
  38  7:49  Refinery  
  38  7:52  Refinery  
  38  8:02  Missile Turret  
  38  8:11  SCV  
  39  8:23  SCV  
  39  8:24  Missile Turret  
  39  8:25  Armory  
  40  8:32  Fusion Core  
  40  8:35  SCV  
  41  8:44  SCV  
  41  8:47  SCV  
  43  8:56  SCV  
  43  8:59  SCV  
  45  9:04  Thor  
  45  9:09  SCV  
  52  9:11  SCV  
  53  9:21  SCV  
  53  9:23  SCV  
  55  9:25  Thor  
  55  9:29  Raven  
  63  9:33  SCV  
  63  9:35  SCV  
  61  9:47  SCV  
  61  9:50  Supply Depot  
  60  9:59  SCV  
  61  10:21  Thor x2  
  61  10:25  Terran Ship Weapons Level 1  
  61  10:26  Terran Vehicle Weapons Level 1, Terran Vehicle And Ship Armor Level 1  
  63  11:14  Command Center  
Show
View Real Time Build Order
Export as new Build Order

dej Terran - Winner!

Build Orders:  

Get SALT Encoding   

  12  0:17  Supply Depot  
  12  0:20  SCV  
  13  0:32  SCV  
  14  0:45  Barracks  
  14  0:54  SCV  
  15  0:57  Refinery  
  15  1:06  SCV  
  17  1:18  SCV  
  17  1:30  SCV  
  18  1:37  Refinery  
  18  1:42  SCV  
  18  1:46  Barracks Tech Lab  
  19  1:54  SCV  
  20  2:07  SCV  
  21  2:08  Barracks  
  21  2:16  Marine  
  21  2:19  Stimpack  
  23  2:27  Orbital Command  
  22  2:35  Supply Depot  
  22  2:38  Marine  
  23  2:56  Engineering Bay  
  23  2:59  Supply Depot  
  23  3:04  Barracks Reactor  
  23  3:09  Marine  
  24  3:29  Terran Infantry Weapons Level 1  
  24  3:30  Supply Depot  
  24  3:33  Marine  
  25  3:42  Marine x2  
  25  4:07  Factory  
  25  4:13  Marine x2  
  25  4:16  Marauder  
  29  4:30  Marine  
  29  4:31  Marine  
  31  4:44  Command Center  
  31  4:48  Marine x2  
  33  4:59  Marauder  
  35  5:00  Factory Reactor  
  35  5:05  Starport  
  35  5:06  Marine x2  
  37  5:24  Marine x2  
  37  5:26  Marauder  
  41  5:32  Terran Infantry Armor Level 1  
  41  5:34  SCV  
  42  5:43  Widow Mine  
  42  5:44  Widow Mine  
  42  5:46  SCV, Supply Depot  
  42  5:48  Starport Reactor  
  32  6:30  Planetary Fortress  
  32  6:37  Marine x2  
  34  6:41  Widow Mine x2  
  34  6:43  Barracks, Medivac x2  
  34  6:45  Marauder  
  44  6:55  Marine x2  
  46  7:08  SCV  
  47  7:20  SCV  
  48  7:25  Marine x2  
  48  7:28  Marauder  
  50  7:37  Barracks Reactor  
  50  7:39  Barracks  
  50  7:43  Marine x2  
  50  7:49  Widow Mine, Marauder  
  50  7:50  Widow Mine, Armory  
  56  8:01  Marine x2  
  58  8:08  Medivac x2  
  58  8:11  Marauder  
  64  8:19  Marine x2  
  66  8:32  Marauder  
  68  8:34  Barracks Reactor  
  68  8:38  Terran Infantry Weapons Level 2  
  68  8:48  Marine x4  
  68  8:53  Marauder  
  74  9:06  Marine x4  
  78  9:23  Marauder  
  78  9:24  Marine x3  
  80  9:27  Widow Mine  
  80  9:29  Supply Depot  
  85  9:47  Widow Mine  
  59  10:14  Widow Mine  
  59  10:15  Widow Mine  
  63  10:22  Marine x4, Supply Depot  
  63  10:23  Marine x2  
  63  10:26  Marauder  
  63  10:28  Medivac x2  
  75  10:40  Marine x5  
  75  10:41  Marine  
  81  10:47  Marauder  
  81  10:54  Terran Infantry Armor Level 2  
  81  10:58  Marine x6  
  85  11:06  SCV  
  85  11:09  Refinery, Marauder  
  88  11:12  Supply Depot  
  88  11:18  SCV  
  70  11:59  Marine  
  70  12:00  Marine x4  
  75  12:03  Marauder  
  75  12:07  Medivac  
  75  12:08  Medivac  
  81  12:24  Marauder  
  83  12:45  Marauder  
  74  13:07  Marauder  
  76  13:28  Marauder  
  64  13:45  Marine x6  
  70  13:49  Marine  
  71  13:58  Refinery  
  71  14:02  Marine  
  71  14:03  Marine x4  
  76  14:15  Widow Mine x2  
  80  14:19  Barracks  
  61  14:47  Marauder  
  63  15:02  Marine x5  
  63  15:03  Marine  
  69  15:08  Marauder  
  71  15:20  Marine x6  
  77  15:29  Marauder  
  79  15:37  Barracks Reactor  
  79  15:38  Marine x6  
  79  15:39  Command Center  
  79  15:41  Hellion x2  
  89  15:45  Medivac x2  
  93  15:51  Marauder  
  93  15:55  Marine  
  93  15:56  Marine x5  
  101  15:59  Terran Infantry Weapons Level 3  
  101  16:12  Marine  
  102  16:49  Marine x2  
  102  16:50  Marine x3  
  102  16:53  Marauder  
  109  16:54  Hellion  
  109  16:55  Hellion  
  113  17:14  Marauder  
  113  17:35  Marauder  
Show
View Real Time Build Order
Export as new Build Order

Jhyrachy Zerg - Winner!

Build Orders: Hatch First, Muta Ling Bane 

Get SALT Encoding   

  12  0:01  Drone  
  13  0:12  Drone  
  14  0:18  Overlord  
  14  0:36  Drone x2  
  14  0:37  Drone  
  17  0:48  Drone  
  18  1:01  Drone  
  18  1:02  Hatchery  
  18  1:05  Extractor  
  18  1:09  Drone  
  18  1:29  Spawning Pool  
  17  1:32  Drone, Overlord  
  18  1:41  Drone  
  19  1:52  Drone  
  20  2:16  Queen  
  20  2:17  Queen  
  24  2:24  Drone x4  
  28  2:38  Drone  
  28  2:39  Drone x2  
  31  2:46  Overlord  
  31  2:57  Extractor  
  30  3:01  Extractor  
  30  3:03  Extractor  
  28  3:08  Drone  
  28  3:09  Drone  
  30  3:13  Drone x3  
  30  3:19  Drone  
  34  3:22  Lair  
  34  3:37  Drone  
  34  3:38  Drone x6  
  41  3:44  Drone  
  41  3:48  Overlord  
  42  4:03  Drone  
  42  4:04  Drone  
  42  4:09  Drone x3  
  47  4:10  Drone  
  47  4:11  Overlord  
  47  4:12  Overlord  
  48  4:22  Spire  
  47  4:24  Drone  
  47  4:30  Overlord  
  48  4:40  Drone  
  48  4:42  Overlord  
  49  5:03  Hatchery  
  49  5:04  Overlord  
  48  5:09  Queen  
  50  5:33  Mutalisk  
  50  5:34  Mutalisk x11  
  74  5:41  Mutalisk  
  74  5:42  Mutalisk  
  78  6:14  Drone x9  
  78  6:15  Drone x3  
  78  6:17  Drone  
  91  7:17  Baneling Nest  
  91  7:18  Metabolic Boost  
  68  7:59  Extractor  
  68  8:02  Zerg Flyer Weapons Level 1  
  68  8:03  Extractor  
  68  8:04  Centrifical Hooks  
  66  8:14  Drone x4  
  66  8:15  Drone x4  
  74  8:37  Queen  
  76  8:43  Hatchery  
  76  8:45  Infestation Pit  
  76  8:48  Overlord x3  
  74  8:49  Overlord x4  
  74  8:50  Overlord  
  74  8:56  Hydralisk Den  
  67  9:26  Extractor  
  67  9:28  Extractor  
  65  9:35  Corruptor x10  
  65  9:36  Corruptor x13  
  65  9:37  Corruptor  
  113  9:43  Spore Crawler  
  112  9:47  Spore Crawler  
  112  9:50  Spore Crawler  
  110  9:56  Spore Crawler  
  110  9:58  Spore Crawler  
  108  10:01  Spore Crawler  
  108  10:04  Spore Crawler  
  106  10:07  Zerg Flyer Weapons Level 2  
  106  10:08  Spore Crawler  
  106  10:10  Spore Crawler  
  104  10:36  Hive  
  104  11:06  Spire  
  103  11:23  Queen  
  105  12:12  Ultralisk Cavern  
  104  12:19  Greater Spire  
  104  12:24  Zerg Flyer Armor Level 1  
  104  12:32  Evolution Chamber  
  104  12:35  Evolution Chamber  
  102  12:42  Overlord x2  
  102  12:43  Overlord x5  
  102  13:04  Adrenal Glands, Evolution Chamber  
  101  13:08  Zerg Ground Armor Level 1, Zerg Melee Weapons Level 1  
  101  13:22  Chitinous Plating  
  101  13:35  Brood Lord x6  
  101  13:36  Brood Lord x9  
  131  14:16  Corruptor  
  131  14:17  Corruptor x5  
  143  14:29  Zerg Flyer Weapons Level 3  
  133  15:17  Mutalisk  
  133  15:18  Corruptor  
  133  15:19  Corruptor x7  
  133  15:20  Corruptor  
  101  15:45  Zerg Flyer Armor Level 2  
  65  16:14  Hatchery, Extractor  
  65  16:17  Extractor  
  65  16:18  Zerg Ground Armor Level 2, Zerg Melee Weapons Level 2  
  60  16:20  Zerg Missile Weapons Level 1  
  60  16:48  Hatchery  
  59  18:11  Zerg Flyer Armor Level 3  
  59  18:14  Pathogen Glands, Muscular Augments  
  59  18:22  Queen  
  59  18:56  Pneumatized Carapace  
  59  18:58  Zerg Missile Weapons Level 2  
  59  19:01  Zerg Ground Armor Level 3, Zerg Melee Weapons Level 3  
  59  19:11  Neural Parasite  
  59  19:12  Drone  
  59  19:13  Drone x12  
  59  19:14  Drone x3  
  59  19:55  Corruptor x3  
  59  19:56  Corruptor x15  
  59  19:57  Corruptor x3  
  59  19:58  Corruptor x3  
  59  20:03  Extractor  
  59  20:05  Extractor  
  59  20:13  Drone x4  
  59  20:16  Drone x4  
  59  20:17  Drone x3  
  59  20:19  Overlord  
  59  20:38  Brood Lord x6  
  59  20:39  Brood Lord x17  
  59  20:43  Brood Lord  
  59  20:44  Brood Lord x5  
  59  21:21  Hatchery  
  59  21:22  Zerg Missile Weapons Level 3  
  59  21:23  Extractor  
  59  21:24  Extractor  
  59  22:08  Queen  
  59  23:44  Hatchery  
Show
View Real Time Build Order
Export as new Build Order

frdouille Terran - Winner!

Build Orders: MMM Bio 

Get SALT Encoding   

  12  0:05  SCV  
  13  0:17  SCV  
  14  0:27  Supply Depot  
  14  0:29  SCV  
  14  0:33  Refinery  
  15  0:48  SCV  
  16  0:51  Barracks  
  16  0:59  Refinery  
  16  1:00  SCV  
  17  1:13  SCV  
  17  1:15  Supply Depot  
  18  1:25  SCV  
  19  1:37  SCV, Engineering Bay  
  20  1:51  Barracks Tech Lab  
  20  2:01  Factory  
  20  2:05  Orbital Command  
  20  2:14  Marauder  
  22  2:17  Concussive Shells  
  22  2:30  Missile Turret  
  22  2:38  Marauder  
  24  2:45  Factory Tech Lab  
  24  2:55  Starport  
  24  3:00  Marauder  
  26  3:11  Siege Tank  
  29  3:22  Stimpack  
  29  3:29  Terran Infantry Armor Level 1  
  29  3:39  Supply Depot  
  29  3:40  Medivac  
  31  4:26  Marine  
  31  4:28  Siege Tank  
  31  4:30  Medivac  
  35  5:00  Missile Turret  
  35  5:02  Armory  
  35  5:11  Marauder  
  37  5:23  Combat Shields  
  37  5:30  Command Center  
  37  5:33  Terran Infantry Weapons Level 1, Barracks  
  37  6:08  Supply Depot  
  37  6:26  Barracks Reactor  
  37  6:29  Thor  
  37  6:30  Engineering Bay  
  43  6:51  Starport Reactor  
  43  6:53  Terran Vehicle And Ship Armor Level 1  
  43  6:57  Marine  
  44  7:14  Terran Infantry Armor Level 2  
  44  7:15  Marine  
  45  7:26  Missile Turret  
  44  7:43  Terran Infantry Weapons Level 2  
  44  7:49  Marine x2  
  44  7:50  Supply Depot  
  46  8:06  Marine  
  46  8:07  Marine  
  48  8:20  Missile Turret  
  48  8:24  Marine x2  
  50  8:28  Supply Depot  
  51  8:34  SCV  
  51  8:42  Marine x2  
  51  8:46  SCV  
  54  8:52  Marine  
  55  9:00  Marine x2  
  54  9:10  Marine  
  54  9:17  Missile Turret  
  54  9:18  Marine x2  
  55  9:28  Marine  
  55  9:46  Missile Turret, SCV  
  56  9:58  SCV, Supply Depot  
  56  9:59  Terran Infantry Armor Level 3  
  57  10:01  Terran Infantry Weapons Level 3  
  57  10:03  Marine  
  57  10:04  Marine  
  59  10:10  SCV  
  60  10:21  Marine x2  
  60  10:22  SCV  
  63  10:34  SCV  
  64  10:39  Marine x2  
  51  10:57  Marine x2  
  51  11:02  Missile Turret  
  51  11:04  Planetary Fortress  
  34  11:10  Marine  
  30  11:14  Terran Vehicle And Ship Armor Level 2  
  30  11:15  Marine x2  
  30  11:17  Medivac  
  34  11:28  Marine  
  31  11:32  Marine  
  31  11:33  Marine  
  33  11:44  SCV  
  33  11:46  Marine  
  35  11:50  Marine x2  
  35  11:51  Supply Depot  
  37  11:56  SCV  
  38  12:04  Marine  
  38  12:08  Marine x2, SCV  
  40  12:11  Refinery  
  42  12:20  SCV  
  43  12:25  Marine  
  43  12:26  Marine x2  
  46  12:43  Marine  
  46  12:44  Marine x2  
  48  13:01  Marine  
  41  13:19  Marine  
  41  13:23  Barracks  
  41  13:26  Barracks  
  41  13:27  Barracks  
  41  13:29  Marine x2  
  43  13:37  Marine, Medivac x2  
  45  13:47  Marine x2  
  47  14:00  Marine  
  48  14:04  Marine  
  48  14:05  Marine  
  48  14:07  Medivac x2  
  54  14:14  Barracks Reactor  
  54  14:16  Barracks Reactor  
  54  14:18  Barracks Reactor, Marine  
  54  14:22  Marine x2  
  57  14:29  Refinery  
  57  14:36  Marine  
  58  14:40  Marine x2  
  60  14:54  Marine  
  61  15:08  Marine x5  
  61  15:09  Marine x3  
  69  15:25  Marine  
  69  15:26  Marine x5  
  69  15:27  Marine x2  
  77  15:43  Marine x2, Building Armor  
  77  15:44  Marine x5  
  77  15:45  Marine  
  85  16:01  Marine x3  
  85  16:02  Marine x5  
  93  16:19  Marine  
Show
View Real Time Build Order
Export as new Build Order

bernd Terran - Winner!

Build Orders:  

Get SALT Encoding   

  12  0:02  SCV  
  13  0:14  SCV  
  14  0:24  Supply Depot  
  14  0:26  SCV  
  15  0:35  Refinery  
  15  0:46  SCV  
  16  0:51  Barracks  
  16  0:58  SCV  
  17  1:10  SCV  
  18  1:22  SCV  
  19  1:30  Barracks  
  19  1:34  SCV  
  19  1:37  Refinery  
  19  1:39  Supply Depot  
  20  1:41  Barracks Reactor  
  20  1:47  SCV  
  21  1:59  SCV  
  22  2:07  Factory  
  22  2:12  Orbital Command  
  22  2:18  Marine  
  22  2:19  Marine  
  24  2:24  Barracks Tech Lab  
  24  2:31  Supply Depot  
  24  2:39  SCV  
  25  2:46  Marine  
  25  2:49  Marine  
  25  2:51  SCV  
  28  3:01  Marauder  
  28  3:03  Factory Reactor, SCV  
  31  3:15  SCV  
  32  3:27  SCV  
  32  3:29  Command Center  
  33  3:37  Marine x2  
  33  3:40  Marauder  
  37  3:54  Starport  
  37  3:58  Combat Shields  
  37  4:05  Supply Depot  
  37  4:19  Widow Mine  
  39  4:27  Widow Mine, Marauder, Marine x2  
  45  4:33  Supply Depot, Starport Reactor  
  45  4:42  Supply Depot  
  45  4:44  Refinery, SCV x2  
  47  4:56  Marine, SCV x2  
  47  4:58  Marine  
  51  5:06  Widow Mine x2  
  51  5:08  SCV x2  
  51  5:11  Medivac  
  59  5:18  Refinery  
  59  5:20  Orbital Command  
  59  5:24  SCV  
  60  5:33  Armory  
  60  5:36  SCV  
  60  5:42  Starport  
  61  5:48  SCV  
  63  5:50  SCV  
  63  6:00  SCV  
  63  6:02  SCV  
  65  6:12  SCV  
  65  6:13  Viking  
  65  6:14  Viking  
  70  6:18  Supply Depot  
  70  6:19  Marine x2  
  70  6:22  Marine  
  70  6:23  Supply Depot  
  73  6:30  Terran Vehicle Weapons Level 1  
  73  6:43  Viking  
  73  6:44  Supply Depot, Viking  
  73  6:46  Fusion Core  
  77  6:56  Starport Tech Lab  
  77  6:58  SCV  
  78  7:10  SCV  
  78  7:15  Marauder  
  81  7:16  Marine x2  
  81  7:19  Viking  
  85  7:29  Factory  
  85  7:34  Engineering Bay  
  85  7:37  Command Center  
  85  7:39  Viking x2  
  85  7:41  Marine x2  
  85  7:42  Marine  
  92  7:48  Widow Mine x2  
  98  7:59  Marine  
  97  8:09  Supply Depot  
  97  8:14  Factory Tech Lab  
  97  8:17  Terran Infantry Weapons Level 1  
  97  8:25  Terran Vehicle And Ship Armor Level 1  
  97  8:31  Battlecruiser  
  97  8:32  Marine x2  
  97  8:34  Marine, Supply Depot, Drilling Claws  
  106  8:35  Supply Depot  
  106  8:48  Thor  
  106  8:50  Marine  
  113  8:57  Supply Depot x2  
  113  9:05  Orbital Command  
  113  9:13  Refinery  
  113  9:31  Supply Depot  
  113  9:32  Barracks  
  113  9:42  Battlecruiser  
  119  9:53  Supply Depot  
  119  9:58  Marine x2  
  119  9:59  Marine  
  122  10:01  Viking x2  
  126  10:11  Terran Infantry Armor Level 1  
  126  10:13  Thor  
  132  10:16  Marine x3  
  135  10:21  Supply Depot  
  135  10:31  Viking x2  
  135  10:34  Marine x3  
  142  10:36  Barracks Reactor  
  142  10:46  Battlecruiser  
  148  10:52  Marine x3  
  148  10:53  Supply Depot  
  151  10:57  Supply Depot  
  151  11:01  Terran Vehicle Weapons Level 2, Viking x2  
  155  11:09  Marine  
  155  11:10  Marauder, Marine  
  159  11:14  Thor  
  165  11:25  Marine  
  165  11:26  Marine  
  165  11:27  Marine x2  
  165  11:31  Supply Depot, Viking  
  165  11:32  Marauder  
  166  11:43  Marine x2  
  166  11:45  Marine x2  
  169  11:50  Battlecruiser  
  169  11:53  Marine  
  169  11:59  Viking  
  171  12:01  Marine x2, Medivac  
  171  12:03  Marine  
  170  12:54  Battlecruiser  
  165  13:58  Battlecruiser  
  127  14:26  Viking  
  127  14:27  Viking  
  127  14:29  Marauder, Marine  
  127  14:30  Marine x3  
  123  14:47  Marine x2  
  123  14:50  Marauder, Marine x2  
  129  14:56  Viking  
  129  14:57  Viking  
  133  15:03  Battlecruiser  
  133  15:05  Marine x2  
  141  15:08  Marine  
  142  15:26  Viking  
  142  15:27  Viking  
  145  16:07  Battlecruiser  
  103  16:53  Marine x5  
  102  17:11  Battlecruiser, Marine  
  102  18:15  Battlecruiser  
Tags
 
Add a new tag
Caveats
  • Supply blocks, unpowered buildings, or Contaminate may cause inaccurate times.
  • Supply counts are checked every 10 seconds.